 Dungeon Crawl Stone Soup version 0.24.0-41-g2ae2f7f1be (webtiles) character file.

Game seed: 4107554755686509298, levelgen mode: deterministic

49121 dracomuter the Cleaver (level 14, -15/88 HPs)
             Began as a Tengu Air Elementalist on Dec 9, 2019.
             Was a High Priest of Nemelex Xobeh.
             Killed by a card of wild magic (42 damage)
             ... on level 13 of the Dungeon on Dec 10, 2019.
             The game lasted 01:59:35 (30809 turns).

dracomuter the Cleaver (Tengu Air Elementalist)    Turns: 30809, Time: 01:59:35

Health: -15/88     AC: 15    Str: 11    XL:     14   Next: 49%
Magic:  30/30      EV: 13    Int: 18    God:    Nemelex Xobeh [*****.]
Gold:   1503       SH:  5    Dex: 15    Spells: 22/35 levels left

rFire    . . .     SeeInvis .   a - +7 war axe (venom)
rCold    . . .     Gourm    +   F - +0 buckler
rNeg     . . .     Faith    .   e - +1 ring mail {rPois}
rPois    +         Spirit   .   (helmet restricted)
rElec    .         Reflect  .   B - +1 cloak
rCorr    .         Harm     .   r - +0 pair of gloves (curse)
MR       +....                  (boots unavailable)
Stlth    +.........             h - amulet of the gourmand
HPRegen  0.24/turn              u - ring of wizardry
MPRegen  0.22/turn              v - +5 ring of protection

@: flying quickly and evasively, studying Long Blades, quick
A: beak, talons 3, able to fly
a: Stop Flying, Draw Escape, Draw Destruction, Draw Summoning, Triple Draw, Deal
Four, Stack Five, Renounce Religion


You were on level 13 of the Dungeon.
You worshipped Nemelex Xobeh.
Nemelex Xobeh was extremely pleased with you.
You were very full.

You visited 3 branches of the dungeon, and saw 20 of its levels.
You also visited: Bailey.

You collected 1968 gold pieces.
You spent 465 gold pieces at shops.

Inventory:

Hand Weapons
 a - a +7 war axe of venom (weapon)
 b - a +2 trident of freezing
Missiles
 q - 5 curare-tipped darts (quivered)
 E - a throwing net
Armour
 e - a +1 ring mail of poison resistance (worn)
 r - a cursed +0 pair of gloves (worn)
 A - the +2 leather armour of the Evening Star {-Tele rElec rCorr Slay+2, unknown}
   (You found it on level 6 of the Lair of Beasts)

   It affects your accuracy and damage with ranged weapons and melee attacks
   (+2).
   It insulates you from electricity.
   It prevents most forms of teleportation.
   It provides partial protection from all sources of acid and corrosion.
 B - a +1 cloak (worn)
 F - a +0 buckler (worn)
 T - a +0 shield
Jewellery
 h - an amulet of the gourmand (around neck)
 n - a +6 ring of evasion
 u - a ring of wizardry (left hand)
 v - a +5 ring of protection (right hand)
 x - an uncursed ring of protection from magic
 N - an uncursed ring of ice
 R - an uncursed ring of protection from fire
Wands
 d - a wand of iceblast (5)
 i - a wand of disintegration (14)
 C - a wand of scattershot (1)
 H - a wand of random effects (13)
 J - a wand of polymorph (7)
 O - a wand of flame (15)
 Q - a wand of acid (17)
Scrolls
 f - 5 scrolls of teleportation
 o - a scroll of fear
 s - a scroll of fog
 t - 5 scrolls of remove curse
 w - a scroll of magic mapping
 I - a scroll of summoning {unknown}
 P - a scroll of holy word
 U - a scroll of immolation
 W - a scroll of silence
 X - a scroll of blinking
Potions
 g - 5 potions of mutation
 k - 3 potions of lignification {unknown}
 l - 5 potions of brilliance
 m - a potion of berserk rage
 p - 10 potions of curing
 z - a potion of resistance {unknown}
 D - 3 potions of haste
 K - 6 potions of heal wounds
 L - 2 potions of agility
 M - 2 potions of cancellation {unknown}
 S - a potion of magic
Books
 j - a manual of Long Blades
Miscellaneous
 y - a lamp of fire
Comestibles
 c - 42 rations
 G - 8 chunks of flesh


   Skills:
 + Level 10.9 Fighting
 + Level 12.2 Axes
 - Level 4.0 Armour
 - Level 2.1 Dodging
 - Level 2.0 Stealth
 - Level 4.0 Shields
 + Level 11.3 Spellcasting
 - Level 9.0 Conjurations
 - Level 9.0 Air Magic
 + Level 10.1 Invocations


You had 22 spell levels left.
You knew the following spells:

 Your Spells              Type           Power        Failure   Level  Hunger
a - Shock                 Conj/Air       ####         1%          1    None
b - Swiftness             Chrm/Air       ####....     1%          2    None
c - Lightning Bolt        Conj/Air       #####.....   4%          5    ####...
f - Airstrike             Air            #####.....   1%          4    ##.....
m - Animate Skeleton      Necr           N/A          6%          1    None

Your spell library contained the following spells:

 Spells                   Type           Power        Failure   Level  Hunger
 Static Discharge         Conj/Air       #####...     1%          3    None
 Confusing Touch          Hex            ##....       6%          1    None
 Corona                   Hex            ##.....      6%          1    None
 Slow                     Hex            ##......     10%         2    None
 Sublimation of Blood     Necr           ##........   10%         2    None
 Confuse                  Hex            ##......     19%         3    None
 Gell's Gravitas          Tloc           ##........   19%         3    None
 Inner Flame              Hex/Fire       ##......     19%         3    None
 Portal Projectile        Hex/Tloc       ##....       19%         3    None
 Silence                  Hex/Air        ####......   26%         5    ####...
 Cause Fear               Hex            ##........   50%         4    ##.....
 Leda's Liquefaction      Hex/Erth       ##........   50%         4    ##.....
 Petrify                  Tmut/Erth      ##......     50%         4    ##.....
 Summon Ice Beast         Ice/Summ       ##......     50%         4    ##.....
 Deflect Missiles         Chrm/Air       ####......   80%         6    ######.
 Dispel Undead            Necr           ##......     83%         5    ####...
 Excruciating Wounds      Chrm/Necr      ##........   83%         5    ####...
 Metabolic Englaciation   Hex/Ice        ##........   83%         5    ####...
 Yara's Violent Unravell  Hex/Tmut       ##........   83%         5    ####...
 Discord                  Hex            ##........   100%        8    #######


Dungeon Overview and Level Annotations

Branches:
Dungeon (12/15)            Temple (1/1) D:7            Lair (6/6) D:9
 Shoals (0/4) Lair:4        Snake (0/4) Lair:2        Slime (0/5) Lair:6
    Orc (0/2) D:10         Bailey (visited)

Altars:
Ashenzari
Cheibriados
Dithmenos
Elyvilon
Fedhas
Gozag
Hepliaklqana
Kikubaaqudgha
Makhleb
Nemelex Xobeh
Okawaru
Qazlal
Ru
Sif Muna
Trog
Uskayaw
Vehumet
Wu Jian
Xom
Yredelemnul
Zin
The Shining One
Jiyva

Shops:
D:5 (   D:8 !

Annotations:
D:2 Sigmund
D:6 Harold
Lair:1 1 runed translucent door, Keadol's ghost, journeyman DrCj


Innate Abilities, Weirdness & Mutations

You have a beak for a mouth.
You have claws for feet.
You can fly continuously.


Message History

The acid dragon is covered in liquid flames!
The centaur warrior is blasted with magical energy!
There is a sudden explosion of magical energy!
The explosion engulfs the centaur!!
You kill the centaur!
The explosion engulfs the centaur!!
You kill the centaur!
The explosion engulfs the centaur warrior!
The centaur warrior is severely wounded.
The explosion engulfs the hound!
The hound is almost dead.
The explosion engulfs the centaur!!
You kill the centaur!
The explosion engulfs the centaur warrior!!
The centaur warrior is almost dead.
The explosion engulfs the centaur!!
You kill the centaur!
The explosion engulfs you!!!
You die...
Your body glows with a rainbow of weird colours and disappears.

##...$c ..c... .......
##.h.... .......
#.......
(......##)#...c.
.......#().#
.....#........)h)##
..........###.#)c#
........## ####c# ##c.
#........### ###@##.....
...........###.4h.......
..#........##...D.......
#.......................
........................
#.......................
#.......................
##...................o..
###....................


You could see 2 centaur warriors, an acid dragon (burning), a hound, an orc
priest, a friendly red devil and a friendly hell hound.

Vanquished Creatures
  Fannar (Lair:3)
  3 hydras
  2 two-headed ogres
  2 death yaks (Lair:4)
  A fire crab (Lair:6)
  A sea snake (Lair:6)
  An unseen horror (D:11)
  An orc knight (Bailey)
  Pikel (D:6)
  An oklob plant (Lair:1)
  A deep elf mage (D:11)
  A cyclops (D:11)
  2 ugly things (D:12)
  A manticore (D:11)
  4 elephants
  2 black mambas
  14 spiny frogs
  3 merfolk sirens (Lair:4)
  2 gargoyles (D:11)
  2 rime drakes
  3 komodo dragons
  A merfolk (Lair:4)
  3 trolls
  A wind drake (Lair:6)
  2 hornets
  11 hippogriffs
  2 polar bears
  13 blink frogs
  A wraith (D:11)
  5 wyverns
  33 yaks
  3 hogs (D:8)
  A human (D:8)
  Grum (Lair:1)
  A vampire mosquito (D:13)
  A basilisk (Lair:3)
  2 steam dragons
  10 water moccasins
  5 porcupines
  A slave (D:6)
  An ice beast (D:5)
  8 orc warriors
  5 sky beasts
  An eye of draining (D:8)
  2 ogres
  A necrophage (D:9)
  20 wolves
  15 centaurs
  15 crocodiles
  2 big kobolds
  A gnoll sergeant (D:9)
  14 bullfrogs
  3 scorpions
  6 killer bees (D:10)
  7 howler monkeys
  5 jellies
  3 crimson imps
  2 centaur zombies
  2 quasits
  6 orc priests
  2 bullfrog skeletons
  8 hounds
  5 orc wizards
  2 centaur skeletons
  2 iguanas
  6 worker ants
  A hound zombie (D:11)
  2 hound skeletons
  A worker ant zombie (D:11)
  2 howler monkey skeletons
  8 gnolls
  10 adders
  3 shadow imps
  An ooze (D:3)
  4 worms
  A dart slug (D:4)
  5 leopard geckos
  29 orcs
  8 bats
  3 giant cockroaches
  14 goblins
  11 hobgoblins
  12 jackals
  34 kobolds
  4 quokkas
  5 frilled lizards
  2 giant cockroach zombies
  A quokka skeleton (D:10)
  A quokka zombie (D:5)
  2 rats
  7 fungi
  5 plants
466 creatures vanquished.

Vanquished Creatures (collateral kills)
  A merfolk avatar (Lair:6)
  2 death yaks (Lair:4)
  A harpy (Lair:6)
  2 elephants (Lair:6)
  A centaur zombie (D:11)
  2 black mambas
  2 spiny frogs (Lair:5)
  A centaur skeleton (D:12)
  2 komodo dragons
  2 polar bears
  A hornet (Lair:6)
  A hippogriff (Lair:3)
  6 blink frogs
  A wyvern (D:12)
  13 yaks
  A vampire mosquito (D:13)
  2 water moccasins
  2 wolves
  A crocodile (Lair:5)
  A fungus (Lair:5)
  A plant (Lair:6)
46 creatures vanquished.

Vanquished Creatures (others)
  A death yak (Lair:4)
  A water moccasin skeleton (D:7)
  A bullfrog skeleton (D:7)
  A hound skeleton (D:7)
  A ball lightning (Bailey)
  A hobgoblin (Bailey)
  11 fungi
  9 plants
26 creatures vanquished.

Grand Total: 538 creatures vanquished

Notes
Turn   | Place    | Note
-------+----------+-------------------------------------------
     0 | D:1      | dracomuter the Tengu Air Elementalist began the quest for
                  | the Orb.
     0 | D:1      | Reached XP level 1. HP: 10/10 MP: 4/4
     3 | D:1      | You fall into a shaft and drop 1 floor!
   286 | D:1      | Reached XP level 2. HP: 16/16 MP: 3/6
   864 | D:1      | Reached skill level 1 in Fighting
  1228 | D:2      | Noticed Sigmund
  1240 | D:2      | Reached XP level 3. HP: 20/20 MP: 7/7
  1934 | D:2      | Learned a level 2 spell: Swiftness
  2153 | D:3      | Reached skill level 1 in Armour
  2153 | D:3      | Reached XP level 4. HP: 25/25 MP: 2/8
  2203 | D:2      | Learned a level 4 spell: Airstrike
  3560 | D:4      | Gained mutation: You can fly continuously. [Tengu growth]
  3560 | D:4      | Reached XP level 5. HP: 30/30 MP: 10/10
  3918 | D:4      | Reached skill level 5 in Air Magic
  4610 | D:5      | Entered Level 5 of the Dungeon
  4852 | D:5      | Reached XP level 6. HP: 34/36 MP: 6/11
  5355 | D:5      | Noticed an ice beast
  5399 | D:5      | Killed an ice beast
  5399 | D:5      | Reached XP level 7. HP: 40/40 MP: 0/13
  5739 | D:5      | Found Bazexam's Weapon Shoppe.
  6482 | D:5      | Found Bazexam's Weapon Shoppe.
  7050 | D:5      | Reached skill level 5 in Conjurations
  7355 | D:5      | Reached XP level 8. HP: 39/48 MP: 1/15
  8801 | D:7      | Noticed Harold
  9004 | D:7      | Found an ornate altar of the Wu Jian Council.
  9004 | D:7      | Found a stormy altar of Qazlal.
  9018 | D:7      | Noticed Pikel
  9195 | D:6      | Killed Pikel
  9195 | D:6      | Reached skill level 2 in Axes
  9195 | D:6      | Reached skill level 5 in Spellcasting
  9526 | D:7      | Found an ancient bone altar of Kikubaaqudgha.
  9548 | D:7      | Reached skill level 5 in Fighting
  9589 | D:7      | Reached XP level 9. HP: 31/54 MP: 2/17
  9756 | D:7      | Reached skill level 3 in Axes
  9833 | D:7      | Found a staircase to the Ecumenical Temple.
  9842 | Temple   | Entered the Ecumenical Temple
 10026 | Temple   | Became a worshipper of Nemelex Xobeh the Trickster
 10436 | D:7      | Received a gift from Nemelex Xobeh
 10685 | D:7      | Reached skill level 1 in Shields
 10685 | D:7      | Reached skill level 1 in Invocations
 11108 | D:8      | Learned a level 5 spell: Lightning Bolt
 11374 | D:7      | Reached skill level 4 in Axes
 12241 | D:8      | Got an encrusted leather armour
 12260 | D:8      | Reached XP level 10. HP: 60/60 MP: 9/20
 12561 | D:8      | Reached * piety under Nemelex Xobeh
 12581 | D:8      | Reached skill level 5 in Axes
 12795 | D:8      | Received a gift from Nemelex Xobeh
 13025 | D:8      | Found Xuefio Irua's Distillery.
 13034 | D:8      | Bought a potion of heal wounds for 75 gold pieces
 13034 | D:8      | Bought a potion of curing for 45 gold pieces
 13034 | D:8      | Bought a potion of curing for 45 gold pieces
 13034 | D:8      | Bought a potion of agility for 60 gold pieces
 13034 | D:8      | Bought a potion of agility for 60 gold pieces
 13045 | D:8      | Bought a potion of haste for 150 gold pieces
 13045 | D:8      | Bought 2 potions of degeneration for 30 gold pieces
 14062 | D:9      | Reached skill level 6 in Axes
 14131 | D:9      | Found a staircase to the Lair.
 14163 | D:9      | Found a shattered altar of Ashenzari.
 14163 | D:9      | Found a white marble altar of Elyvilon.
 14168 | D:9      | Found a hazy altar of Hepliaklqana.
 14265 | D:9      | Reached ** piety under Nemelex Xobeh
 14872 | D:9      | Identified Sif Muna's Tome of Icy Black Magic
 14876 | D:9      | Learned a level 1 spell: Animate Skeleton
 15071 | D:9      | Received a gift from Nemelex Xobeh
 15292 | D:10     | Entered Level 10 of the Dungeon
 15316 | D:10     | Reached XP level 11. HP: 67/67 MP: 22/22
 15408 | D:10     | Found a flagged portal.
 15669 | D:10     | Reached skill level 5 in Invocations
 15713 | Bailey   | Entered a bailey
 15753 | Bailey   | Reached skill level 7 in Axes
 15755 | Bailey   | Noticed an orc knight
 15760 | Bailey   | Killed an orc knight
 15982 | Bailey   | Got a distressingly furry chain mail
 16292 | D:10     | Found a staircase to the Orcish Mines.
 16999 | D:10     | Noticed a two-headed ogre
 17050 | D:10     | Killed a two-headed ogre
 17513 | D:11     | Received a gift from Nemelex Xobeh
 18389 | D:11     | Reached skill level 8 in Axes
 18490 | D:11     | Paralysed by a hornet for 3 turns
 19494 | D:11     | Reached XP level 12. HP: 72/72 MP: 25/25
 19620 | D:11     | Found the +7 Singing Sword {slice, sonic wave}
 19644 | D:11     | Noticed a five-headed hydra
 19651 | D:11     | Killed a five-headed hydra
 19652 | D:11     | Noticed a two-headed ogre
 19684 | D:11     | Killed a two-headed ogre
 19823 | D:11     | Reached skill level 9 in Axes
 20170 | D:11     | Received a gift from Nemelex Xobeh
 20575 | Lair:1   | Entered Level 1 of the Lair of Beasts
 20601 | Lair:1   | Noticed Grum
 20617 | Lair:1   | Killed Grum
 20729 | Lair:1   | Reached *** piety under Nemelex Xobeh
 20784 | Lair:1   | Received a gift from Nemelex Xobeh
 21339 | Lair:1   | Found a runed translucent door.
 21339 | Lair:1   | Found a shimmering altar of Xom.
 21339 | Lair:1   | Noticed Keadol's ghost (journeyman DrCj)
 21365 | Lair:1   | Identified the +3 leather armour "Qewiurgh" {SInv} (You
                  | found it on level 8 of the Dungeon)
 21730 | Lair:1   | Received a gift from Nemelex Xobeh
 21734 | Lair:1   | Identified the +4 chain mail of the City {rCorr Slay+3}
                  | (You found it in a bailey)
 21879 | Lair:2   | Found a staircase to the Snake Pit.
 21917 | Lair:2   | Received a gift from Nemelex Xobeh
 22066 | Lair:2   | Reached **** piety under Nemelex Xobeh
 22169 | Lair:2   | Received a gift from Nemelex Xobeh
 22815 | Lair:3   | Noticed Fannar
 22874 | Lair:3   | Killed Fannar
 22874 | Lair:3   | Reached skill level 10 in Axes
 23428 | Lair:3   | Received a gift from Nemelex Xobeh
 23858 | Lair:3   | Reached XP level 13. HP: 80/80 MP: 3/27
 24727 | Lair:4   | Received a gift from Nemelex Xobeh
 24937 | Lair:4   | Found a staircase to the Shoals.
 24955 | Lair:4   | Reached skill level 10 in Spellcasting
 25089 | Lair:4   | Reached ***** piety under Nemelex Xobeh
 25113 | Lair:4   | Identified the -2 hand axe of Equivalence {venom, +Rage rF+
                  | MR- Dex+6}
 25772 | Lair:4   | Received a gift from Nemelex Xobeh
 26171 | Lair:5   | Reached skill level 11 in Axes
 26852 | Lair:5   | Received a gift from Nemelex Xobeh
 27476 | Lair:6   | Entered Level 6 of the Lair of Beasts
 27480 | Lair:6   | Reached skill level 10 in Fighting
 27925 | Lair:6   | Received a gift from Nemelex Xobeh
 28350 | Lair:6   | Reached XP level 14. HP: 69/88 MP: 26/29
 29626 | Lair:6   | Reached skill level 12 in Axes
 29731 | Lair:6   | Found a staircase to the Slime Pits.
 29734 | Lair:6   | Found a viscous altar of Jiyva.
 29865 | Lair:6   | Identified the +1 long sword of Income {holy, +Fly rElec
                  | rPois Int-4}
 29963 | Lair:6   | Reached skill level 10 in Invocations
 30022 | Lair:6   | Got a jewelled leather armour
 30594 | D:12     | Received a gift from Nemelex Xobeh
 30740 | D:12     | You are sucked into a shaft and drop 1 floor!
 30809 | D:13     | Killed by a card of wild magic

Levels and vault maps discovered:
D:1:      moated_graveyard_arrival, layout_rooms
D:2:      layout_loops_ring, first_ration, minmay_fractal_squares_gapless_5,
          uniq_sigmund
D:3:      layout_loops_corners, minmay_misc_feat_encased
D:4:      layout_loops_cross
D:5:      corexii_shack_village, layout_rooms, kennysheep_windowed_goal
D:6:      layout_basic
D:7:      layout_cave_pools, chequers_temple_overflow_statue_of_worship,
          temple_fountains, uniq_pikel, uniq_harold
D:8:      layout_layer_cave, serial_shops,
          nicolae_shop_competitors_out_of_business, grunt_livestock,
          st_stairs_14
D:9:      layout_loops_cross, grunt_temple_overflow_open,
          grunt_lair_entry_orc_guard_hut
D:10:     layout_loops_corners, orc_0_dummy, enter_bailey_6
D:11:     minmay_the_grid_octo_triangle [minmay_the_grid_octo_fan_narrow,
          minmay_the_grid_octo_prize_single_spiral, minmay_the_grid_octo_chip],
          layout_rooms
D:12:     layout_big_octagon, minmay_statues_item, kennysheep_cross_room
D:13:     layout_cave_pools, serial_column_ruins, column_ruins_open_small,
          column_ruins_open_small, column_ruins_grid_1, column_ruins_open_small,
          column_ruins_corridor_T
Temple:   eino_temple_rhombus
Lair:1:   layout_regular_city, ebering_ghost_xom, minmay_lair_oklob_chamber,
          grunt_megastairs_3, infiniplex_staircase_pool_2, uniq_grum
Lair:2:   layout_long_grid, dummy_snake_entry
Lair:3:   layout_concentric_octagons, lemuel_fruit_tree,
          infiniplex_staircase_pool, uniq_fannar
Lair:4:   layout_cave_pods, elwin_shoals_entry_stream, minivault_25,
          beast_lair_carwin_10
Lair:5:   layout_regular_city, chequers_serial_rivers_large_b
Lair:6:   gammafunk_lair_ancient_temple, layout_regular_city, slime_altar_1,
          minivault_24

Skill      XL: |  1  2  3  4  5  6  7  8  9 10 11 12 13 14 |
---------------+-------------------------------------------+-----
Conjurations   | 2 3 4 5 6 8 9 |  9.0
Fighting       | 1 2 3 5 6 7 8 10 | 10.9
Armour         | 1 2 3 4 |  4.0
Air Magic      | 5 6 8 9 |  9.0
Spellcasting   | 3 4 5 6 7 8 9 10 11 | 11.3
Axes           | 2 4 6 8 10 11 12 | 12.2
Shields        | 2 4 |  4.0
Invocations    | 2 4 6 8 9 10 | 10.1
Dodging        | |  2.1
Stealth        | |  2.0

Action                   |  1- 3 |  4- 6 |  7- 9 | 10-12 | 13-15 || total
-------------------------+-------+-------+-------+-------+-------++-------
Melee: Dagger            |    11 |    15 |    41 |       |       ||    67
       Peck              |     1 |     7 |    15 |    49 |    51 ||   123
       Kick              |     1 |     9 |    10 |    73 |    83 ||   176
       Hand axe          |       |    11 |       |       |       ||    11
       Short sword       |       |     4 |    14 |       |       ||    18
       War axe           |       |       |    16 |   257 |   342 ||   615
       Double sword      |       |       |       |     4 |       ||     4
 Fire: Hunting sling     |    19 |   109 |    12 |       |       ||   140
Throw: Dart              |       |       |       |     3 |       ||     3
 Cast: Shock             |    65 |    91 |   135 |   213 |    99 ||   603
       Airstrike         |       |     3 |    45 |   164 |    60 ||   272
       Animate Skeleton  |       |       |       |    14 |    72 ||    86
       Lightning Bolt    |       |       |       |     4 |     1 ||     5
 Abil: Fly               |       |     1 |       |       |     1 ||     2
       Draw Destruction  |       |       |       |    12 |    23 ||    35
       Draw Summoning    |       |       |       |     1 |     4 ||     5
       Stop Flying       |       |       |       |       |     1 ||     1
Evoke: Wand              |       |       |       |     2 |    11 ||    13
       Lamp of fire      |       |       |       |     1 |     1 ||     2
  Use: Scroll            |       |    14 |     2 |    10 |     7 ||    33
       Potion            |       |     1 |     1 |     3 |     1 ||     6
 Stab: Sleeping          |       |     1 |       |     1 |       ||     2
       Distracted        |       |       |       |     1 |     4 ||     5
  Eat: Chunk             |     5 |    10 |    19 |    58 |    25 ||   117
       Ration            |       |       |     3 |     1 |       ||     4
Armor: Leather armour    |    11 |    17 |    14 |       |       ||    42
       Ring mail         |       |       |    17 |    96 |   133 ||   246
Dodge: Dodged            |    33 |    77 |   144 |   235 |   211 ||   700
Block: Buckler           |       |       |       |    92 |    80 ||   172
       Rpst.: Double sword |       |       |       |     1 |       ||     1
